 Dungeon Crawl Stone Soup version 0.20-a0-926-g560771d (webtiles) character file.

26 M4edhros the Poker (level 3, 0/34 HPs)
             Began as a Naga Chaos Knight on Mar 28, 2017.
             Slain by a quasit (2 damage)
             ... summoned by Xom
             ... while paralysed
             ... on level 1 of the Dungeon.
             The game lasted 00:01:26 (4009 turns).

M4edhros the Poker (Naga Chaos Knight)              Turns: 4009, Time: 00:01:27

Health: 0/34       AC:  5    Str: 13 (14) XL:     3   Next: 8%
Magic:  3/3        EV:  1    Int:  9 (12) God:    Xom [*.....]
Gold:   63         SH:  0    Dex: -1 (11) Spells: 2/2 levels left

rFire    . . .     SeeInvis +   a - +0 spear (chaos)
rCold    . . .     Gourm    .   (no shield)
rNeg     . . .     Faith    .   b - +2 leather armour
rPois    +         Spirit   .   (no helmet)
rElec    .         Reflect  .   (no cloak)
rCorr    .         Harm     .   j - +0 pair of gloves
MR       .....                  (no barding)
Stlth    ..........             (no amulet)
Regen    0.2/turn               (no ring)
MPRegen  0.1/turn               (no ring)

@: paralysed, slowed, lost dexterity, very slow
A: see invisible, deformed body, poison resistance, slowness 2, slow metabolism
1, spit poison 1, AC +1
a: Spit Poison, Renounce Religion


You were on level 1 of the Dungeon.
You worshipped Xom.
You were a special plaything of Xom.
You were hungry.

You visited 1 branch of the dungeon, and saw 1 of its levels.

You collected 63 gold pieces.

Inventory:

Hand Weapons
 a - a +0 spear of chaos (weapon)
 n - a +2 dagger of protection
Armour
 b - a +2 leather armour (worn)
 j - a +0 pair of gloves (worn)
Scrolls
 d - 2 scrolls of teleportation {unknown}
 e - 2 scrolls of identify {unknown}
 g - 2 scrolls of magic mapping {unknown}
 i - a scroll of enchant armour {unknown}
 m - a scroll of immolation {unknown}
Potions
 h - a potion of curing {unknown}
 l - a potion of agility {unknown}
 o - a potion of ambrosia {unknown}
Comestibles
 c - 2 bread rations
 f - a meat ration
 k - a fruit


   Skills:
 - Level 3.0 Fighting
 + Level 4.1 Polearms
 - Level 1.5 Armour
 - Level 0.7 Dodging


You had 2 spell levels left.
You didn't know any spells.

Dungeon Overview and Level Annotations

Branches:
Dungeon (1/15)

Altars:
Xom


Innate Abilities, Weirdness & Mutations

You cannot wear boots.
Your serpentine skin is tough. (AC +1)
You have supernaturally acute eyesight. (SInv)
Armour fits poorly on your strangely shaped body.
Your system is resistant to poisons. (rPois)
You cover ground very slowly.
You have a slow metabolism.
You can spit poison.


Message History

The quasit bites you but does no damage.
The quasit claws you.
* * * LOW HITPOINT WARNING * * *
The quasit claws you.
* * * LOW HITPOINT WARNING * * *
The quasit bites you but does no damage.
The quasit claws you.
* * * LOW HITPOINT WARNING * * *
The quasit claws you but does no damage.
The quasit bites you but does no damage.
The quasit claws you but does no damage.
The quasit claws you.
* * * LOW HITPOINT WARNING * * *
The quasit bites you but does no damage.
The quasit claws you.
* * * LOW HITPOINT WARNING * * *
You feel clumsy. The quasit claws you.
You die... "Boring in life, boring in death..."

#.####.###. ##.# ######.
####### ########..###.###..
#..#..###.............##...
##................#..##....
#.......#####......#†...###
#....####...####.....####..
#..###.........###'###.....
##.#......@......+.').....⌠
#..###....5....###'###.....
#....####...####.....####..
####....#####...###.....###
##..........##...#......
###....###############.
###### ##


You could see a quasit (invisible).

Vanquished Creatures
  2 leopard geckos (D:1)
  3 giant cockroaches (D:1)
  5 hobgoblins (D:1)
  3 bats (D:1)
  A frilled lizard (D:1)
  4 goblins (D:1)
  A kobold (D:1)
  4 rats (D:1)
23 creatures vanquished.

Vanquished Creatures (others)
  A goblin (D:1)
1 creature vanquished.

Grand Total: 24 creatures vanquished

Notes
Turn   | Place    | Note
-------+----------+-------------------------------------------
     0 | D:1      | M4edhros the Naga Chaos Knight began the quest for the Orb.
     0 | D:1      | Reached XP level 1. HP: 21/21 MP: 1/1
   344 | D:1      | XOM: divination: detect items
   876 | D:1      | XOM: divination: magic mapping
  1104 | D:1      | XOM is BORED!
  1104 | D:1      | XOM: medium Fire miscast
  1120 | D:1      | XOM: harmless Tmut miscast
  1346 | D:1      | XOM: silly message
  1742 | D:1      | XOM: silly message
  1743 | D:1      | XOM: silly message
  1869 | D:1      | XOM: harmless Erth miscast
  2137 | D:1      | XOM is BORED!
  2137 | D:1      | XOM: summons 3 hostile shadow creatures
  2216 | D:1      | Reached XP level 2. HP: 25/28 MP: 2/2
  2516 | D:1      | Reached skill level 4 in Polearms
  3107 | D:1      | XOM: harmless Hex miscast
  3208 | D:1      | XOM: 8-stop teleportation journey
  3281 | D:1      | XOM: 1-stop teleportation journey
  3365 | D:1      | XOM: scenery: create altars
  3409 | D:1      | Reached XP level 3. HP: 34/34 MP: 3/3
  3427 | D:1      | XOM: god gift: coppery potion {god gift}
  3535 | D:1      | XOM: scenery: 1 doors close
  3753 | D:1      | XOM: cloud trail
  3824 | D:1      | XOM: god gift: scroll labeled UCOULO BAPSOERCH {god gift}
  3978 | D:1      | XOM: summons 1 hostile demon
  3993 | D:1      | XOM: give mutations
  3993 | D:1      | Gained mutation: You are weak. (Str -2) [Xom's mischief]
  3993 | D:1      | Lost mutation: You are weak. (Str -2) [Xom's mischief]
  4005 | D:1      | Lost dexterity.
  4009 | D:1      | Slain by a quasit

Vault maps used:
D:1:      elethiomel_arrival_infinity_welcomes_careful_drivers,
          lemuel_flame_loot_1

Skill      XL: |  1  2 |
---------------+-------+-----
Polearms       | 4 |  4.1
Fighting       | |  3.0
Armour         | |  1.5
Dodging        | |  0.7

Action                   || total
-------------------------++-------
Melee: Spear             ||   109
  Use: Scroll            ||     1
       Potion            ||     1
  Eat: Chunk             ||     5
Armor: Leather armour    ||    75
Dodge: Dodged            ||    59
